 Dungeon Crawl Stone Soup version 0.29-a0-72-g1732ff48e7 (webtiles) character file.

Game seed: 3363175071650113136

512 enile the Fortune-Teller (level 6, -19/51 HPs)
             Began as a Demonspawn Wanderer on Feb 4, 2022.
             Was a Believer of Nemelex Xobeh.
             Killed from afar by a steam dragon (24 damage)
             ... with a ball of steam
             ... on level 6 of the Dungeon.
             The game lasted 00:09:24 (5753 turns).

enile the Fortune-Teller (Demonspawn Wanderer)      Turns: 5753, Time: 00:09:24

Health: -19/51     AC:  9    Str: 14    XL:     6   Next: 99%
Magic:  9/9        EV:  9    Int: 17    God:    Nemelex Xobeh [**....]
Gold:   80         SH:  0    Dex: 17    Spells: 6/7 levels left

rFire   x . .      SeeInvis .     - Unarmed
rCold   + . .      Faith    .   (no shield)
rNeg    . . .      Spirit   .   c - +2 scale mail
rPois   +          Reflect  .   (no helmet)
rElec   +          Harm     .   (no cloak)
rCorr   .          Rampage  .   (no gloves)
Will    .....                   (no boots)
Stlth   +.........              (no amulet)
HPRegen 0.17/turn               y - ring of the Ant {rElec rPois rF- Dex+6}
MPRegen 0.11/turn               f - ring of protection from cold

@: no status effects
A: thin skeletal structure 1, demonic touch 2
a: Renounce Religion, Draw Escape, Draw Destruction, Draw Summoning


You were on level 6 of the Dungeon.
You worshipped Nemelex Xobeh.
Nemelex Xobeh was pleased with you.
You visited 1 branch of the dungeon, and saw 6 of its levels.

You collected 80 gold pieces.

Inventory:

Hand Weapons
 a - a +0 club
 j - a +0 dagger
 l - a +0 hunting sling
 t - a +3 halberd
 x - a +0 falchion of holy wrath
 D - a +1 short sword of protection
Missiles
 k - 5 poisoned darts
 m - 37 sling bullets
Armour
 c - a +2 scale mail (worn)
Jewellery
 f - a ring of protection from cold (right hand)
 y - the ring of the Ant (left hand) {rElec rPois rF- Dex+6}
   (You found it on level 4 of the Dungeon)

   [ring of dexterity]

   Dex:       It affects your dexterity (+6).
   rF:        It makes you vulnerable to fire.
   rElec:     It insulates you from electricity.
   rPois:     It protects you from poison.
Scrolls
 e - a scroll of torment {unknown}
 h - 3 scrolls of identify {unknown}
 i - 2 scrolls of magic mapping {unknown}
 n - a scroll of summoning {unknown}
 q - 5 scrolls of enchant armour {unknown}
 w - a scroll of silence {unknown}
Potions
 r - 2 potions of haste {unknown}
 s - a potion of cancellation {unknown}
 u - a potion of attraction {unknown}
 v - a potion of invisibility {unknown}
 z - a potion of brilliance {unknown}
 A - a potion of flight {unknown}
 B - a potion of heal wounds {unknown}
 C - 2 potions of magic
 E - a potion of resistance {unknown}


   Skills:
 - Level 5.0 Fighting
 - Level 1.0 Throwing
 - Level 4.0 Armour
 - Level 1.0 Dodging
 + Level 1.0 Stealth
 - Level 1.0 Unarmed Combat
 - Level 1.0 Spellcasting
 - Level 2.0 Summonings
 - Level 5.0 Invocations
 - Level 2.0 Evocations


You had 6 spell levels left.
You knew the following spells:

 Your Spells              Type           Power      Damage    Failure   Level
a - Summon Small Mammal   Summ           28%        N/A       36%         1

Your spell library contained the following spells:

 Spells                   Type           Power      Damage    Failure   Level
 Call Canine Familiar     Summ           7%         N/A       73%         3
 Animate Dead             Necr           0%         N/A       100%        4
 Alistair's Intoxication  Tmut/Pois      0%         N/A       100%        5
 Borgnjor's Vile Clutch   Necr/Erth      0%         N/A       100%        5
 Death Channel            Necr           0%         N/A       100%        6
 Eringya's Noxious Bog    Tmut/Pois      0%         N/A       100%        6


Dungeon Overview and Level Annotations

Branches:
Dungeon (6/15)
 Temple: D:4-7

Altars:
Ashenzari
Fedhas
Nemelex Xobeh

Annotations:
D:3 1 runed translucent door, GaryGuesser's ghost, amateur MiFi


Innate Abilities, Weirdness & Mutations

You have a somewhat thin skeletal structure. (Dex +2, Stealth+)
Your touch may inflict irresistible damage on your foes.


Message History

You start resting.
An adder comes into view.
You climb downwards.
Found 17 gold pieces.
There is a stone staircase leading up here.
You start resting.
The sentinel's mark upon you fades away.
You start resting.
A centaur comes into view.
The centaur wields a +0 shortbow.
The centaur shoots an arrow.
The arrow hits you.
* * * LOW HITPOINT WARNING * * *
Okay, then.
Found a stone staircase leading down.
Press: ? - help, v - describe, . - travel The floor.
That's the wrong kind of item! (Use * to select it.) Evoke which item? (* to show all) (? for menu, Esc to quit)
You don't have any such object.
Evoke which item? (* to show all) (? for menu, Esc to quit)
Okay, then.
Aiming: Polymorph
Press: ? - help, Shift-Dir - straight line, f - centaur
Aim: a centaur, wielding a +0 shortbow and quivering arrows (will become a steam dragon, an iguana, or a killer bee, chance to affect: 54%)
The centaur resists with significant effort.
The centaur shoots an arrow.
The arrow hits you but does no damage.
The centaur shoots an arrow.
The arrow closely misses you.
Aiming: Polymorph
Press: ? - help, Shift-Dir - straight line, f/p - centaur
Aim: a centaur, wielding a +0 shortbow and quivering arrows (will become a steam dragon, an iguana, or a killer bee, chance to affect: 54%)
The centaur evaporates and reforms as a steam dragon!
The now-empty wand crumbles to dust.
Found a scroll of teleportation.
An orc comes into view. It is wielding a +0 flail.
The orc shouts!
An orc comes into view. It is wielding a +0 mace.
The steam dragon breathes steam at you. The ball of steam hits you!!
The steam scalds you terribly!
You die...
Your body disappears without a glow.

##.### .
........#####..
# #.##........
#. #....$....
.###....)..#
o... #D.# #..#
#..# #.o# #..#
#.@#####..#
#>.ยงยง.D...#
.......######.#
.#.?...# .#
...##.## .#
...# #. .. ...
.. ## ## ###


You could see 2 orcs.

Vanquished Creatures
  A necrophage (D:4)
  A black bear (D:4)
  An ogre (D:4)
  A hound (D:3)
  A bullfrog skeleton (D:2)
  A scorpion zombie (D:3)
  6 adders
  4 gnolls (D:3)
  A worm (D:5)
  7 orcs
  5 ball pythons
  7 endoplasms
  A giant cockroach (D:2)
  3 goblins
  6 hobgoblins
  4 jackals (D:3)
  A quokka (D:3)
  13 bats
  2 frilled lizards
  5 kobolds
  3 rats (D:3)
74 creatures vanquished.

Vanquished Creatures (collateral kills)
  A bat (D:3)
1 creature vanquished.

Grand Total: 75 creatures vanquished

Notes
Turn   | Place    | Note
-------+----------+-------------------------------------------
     0 | D:1      | enile the Demonspawn Wanderer began the quest for the Orb.
     0 | D:1      | enile set off with the following items: a +0 club, a wand
                  | of polymorph (4), a +2 scale mail; and the following spell
                  | memorised: Summon Small Mammal; and the following spells
                  | available to memorise: Call Canine Familiar
     0 | D:1      | Reached XP level 1. HP: 13/13 MP: 2/2
   582 | D:1      | Reached skill level 1 in Fighting
   948 | D:1      | Found a faded altar of an unknown god.
   995 | D:1      | Prayed at the altar of an unknown god.
   995 | D:1      | Became a worshipper of Nemelex Xobeh the Trickster
   995 | D:1      | Reached * piety under Nemelex Xobeh
  1168 | D:1      | Gained mutation: Your touch may inflict minor irresistible
                  | damage on your foes. [demonic ancestry]
  1168 | D:1      | Reached XP level 2. HP: 20/21 MP: 3/3
  1722 | D:2      | Gained mutation: Your touch may inflict irresistible damage
                  | on your foes. [demonic ancestry]
  1722 | D:2      | Reached XP level 3. HP: 26/28 MP: 4/4
  1869 | D:2      | Received a gift from Nemelex Xobeh
  2036 | D:2      | HP: 2/43 [poisoned by an adder]
  2475 | D:2      | Reached skill level 1 in Unarmed Combat
  2608 | D:2      | Reached skill level 1 in Invocations
  2608 | D:2      | Reached XP level 4. HP: 30/35 MP: 5/5
  3329 | D:3      | Identified the -1 hand axe of Abuse {protect, rPois}
  3349 | D:3      | Gained mutation: You have a somewhat thin skeletal
                  | structure. (Dex +2, Stealth+) [demonic ancestry]
  3349 | D:3      | Reached XP level 5. HP: 41/41 MP: 4/7
  3600 | D:3      | Found a blossoming altar of Fedhas.
  3658 | D:3      | Found a runed translucent door.
  3668 | D:3      | Noticed GaryGuesser's ghost (amateur MiFi)
  3669 | D:3      | Reached ** piety under Nemelex Xobeh
  4412 | D:4      | Noticed a necrophage
  4435 | D:4      | Killed a necrophage
  4436 | D:4      | Reached XP level 6. HP: 35/48 MP: 9/9
  4585 | D:4      | Reached skill level 5 in Invocations
  4891 | D:4      | Reached skill level 5 in Fighting
  5307 | D:4      | Identified the ring of the Ant {rElec rPois rF- Dex+6}
  5338 | D:4      | Found a broken altar of Ashenzari.
  5547 | D:5      | Entered Level 5 of the Dungeon
  5702 | D:5      | Reached skill level 1 in Stealth
  5747 | D:6      | Noticed a steam dragon
  5747 | D:6      | a centaur changed into a steam dragon
  5753 | D:6      | Killed from afar by a steam dragon

Illustrated notes

Levels and vault maps discovered:
D:1:      dpeg_arrival_snail, layout_basic, ebering_ecumenical_altar_webs,
          chequers_jeans
D:2:      layout_loops_ring
D:3:      layout_basic, fedhas_ov_isle_minmay, ebering_ghost_reflecting_pool,
          serial_corexii_hall, corexii_hall_statues_i,
          chequers_hall_statues_corner_a, kennysheep_generic_room_13
D:4:      layout_rooms, mainiacjoe_overflow_alcove_2
D:5:      layout_basic, goddamned_bats
D:6:      layout_loops_ring, nicolae_tso_besieged_by_evil, serial_shops,
          nicolae_shop_bloodbath_and_beyond, corexii_item_surrounded_by_moat,
          kennysheep_pointless_box

Skill      XL: |  1  2  3  4  5  6 |
---------------+-------------------+-----
Fighting       | 1 2 3 4 5 |  5.0
Unarmed Combat | 1 |  1.0
Invocations    | 1 3 4 5 |  5.0
Armour         | 4 |  4.0
Summonings     | 2 |  2.0
Stealth        | 1 |  1.0
Throwing       | |  1.0
Dodging        | |  1.0
Spellcasting   | |  1.0
Evocations     | |  2.0

Action                   |  1- 3 |  4- 6 || total
-------------------------+-------+-------++-------
Melee: Club              |    48 |       ||    48
       Unarmed           |    57 |   267 ||   324
       Touch             |     7 |    45 ||    52
       Punch             |       |     3 ||     3
 Fire: Hunting sling     |    17 |       ||    17
 Cast: Summon Small Mamm |     4 |    15 ||    19
Invok: Draw Destruction  |     2 |     1 ||     3
       Draw Summoning    |       |     1 ||     1
Evoke: Wand              |       |     4 ||     4
  Use: Potion            |     2 |       ||     2
       Scroll            |       |     4 ||     4
Armor: Scale mail        |    76 |   245 ||   321
       Skin              |     3 |       ||     3
Dodge: Dodged            |    77 |   200 ||   277

Table legend: (Time is in decaauts)
 A = Elapsed time spent in this place.
 B = Non-inter-level travel time spent in this place.
 C = Inter-level travel time spent in this place.
 D = Time resting spent in this place.
 E = Time spent auto-exploring this place.
 F = Levels seen in this place.
 G = Mean time per level.
                   A        B        C        D        E       F      G
               +--------+--------+--------+--------+--------+-----+--------+
         Total |   5762 |   5447 |    315 |     16 |   4628 |   6 |  960.3 |
       Dungeon |   5762 |   5447 |    315 |     16 |   4628 |   6 |  960.3 |
               +--------+--------+--------+--------+--------+-----+--------+

Top non-repeatable levels by time:
     D:1: 1724 daAuts
     D:2: 1463 daAuts
     D:3: 1236 daAuts
     D:4: 1132 daAuts
     D:5: 178 daAuts
     D:6: 26 daAuts
